Blues vs Sabres
Created - 7 janvier 2013 at 19:04
Goals
|
| Blues |
2 |
1 |
1 |
4 |
| Sabres |
1 |
3 |
3 |
7 |
|
Shots
|
| Blues |
20 |
8 |
5 |
33 |
| Sabres |
14 |
9 |
13 |
36 |
|
1st period
1. Blues , Brian Gionta 3 (Jeff Woywitka) at 8:06
2. Sabres , Brendan Morrison 7 (Daniel Alfredsson, Ole-Kristian Tollefsen) at 10:07
3. Blues , Tomas Plekanec 8 (Paul Kariya, Jamie Langenbrunner) at 19:22
Penalties :
Lubomir Visnovsky (STL) for Holding Stick (Minor) at 13:54
2nd period
4. Sabres , Michal Rozsival 4 (Brendan Morrison) at 2:33
5. Sabres , Brendan Morrison 8 (Daniel Alfredsson, Niclas Havelid) at 7:38
6. Blues , Jamie Langenbrunner 4 (Travis Zajac, Rick Nash) at 18:48 (PP)
7. Sabres , Markus Naslund 14 (Mats Sundin) at 18:57 (PP)
Penalties :
Blake Wheeler (STL) for Slashing (Minor) at 8:38, Ole-Kristian Tollefsen (Buf) for Slashing (Minor) at 17:57, Darcy Hordichuk (STL) for Roughing (Minor) at 18:53, Paul Kariya (STL) for Hooking (Minor) at 19:36
3rd period
8. Sabres , Niklas Sundstrom 5 (Ladislav Nagy, Boyd Devereaux) at 1:52
9. Blues , Paul Kariya 8 (Jamie Langenbrunner, Tomas Plekanec) at 4:18
10. Sabres , Mats Sundin 8 (Markus Naslund, Niclas Havelid) at 14:22
11. Sabres , Mats Sundin 9 (Daniel Alfredsson, Markus Naslund) at 19:38 (PP)
Penalties :
Mattias Timander (Buf) for Tripping (Minor) at 11:54, Blake Wheeler (STL) for Holding (Minor) at 19:20
Goalie Stats
Tuukka Rask (STL), 29 saves from 36 shots - (0,806), L, 5-6-0, 60:00 minutes
Niklas Backstrom (Buf), 29 saves from 33 shots - (0,879), W, 8-13-1, 60:00 minutes
Players Stats for Blues
Player Name G A P +/- PIM S H SB GA TA FO MP PP MP PK MP
------------------------------------------------------------------------------------
Anton Volchenkov 0 0 0 0 0 2 0 0 2 0 0/0 15:44 0:00 4:11
Blake Wheeler 0 0 0 0 4 1 2 1 0 0 1/6 16:41 0:53 1:59
Brent Burns 0 0 0 0 0 2 1 1 0 1 0/0 24:01 1:53 2:08
Brian Gionta 1 0 1 -1 0 1 3 0 0 0 0/0 12:53 0:00 0:00
Bryce Lampman 0 0 0 1 0 0 0 0 0 1 0/0 21:31 1:53 4:02
Dan Boyle 0 0 0 -3 0 5 1 1 2 0 0/0 26:02 0:57 0:09
Darcy Hordichuk 0 0 0 -1 2 0 3 0 0 0 2/2 13:12 0:00 0:42
Éric Belanger 0 0 0 0 0 3 2 1 0 0 2/5 9:55 0:00 2:05
Jamie Langenbrunner 1 2 3 -1 0 2 2 1 0 0 1/1 18:36 1:57 0:00
Jeff Woywitka 0 1 1 0 0 0 1 0 0 0 0/0 12:27 0:00 2:08
Lubomir Visnovsky 0 0 0 -2 2 2 1 2 0 1 0/0 20:38 0:57 0:00
Matthew Lombardi 0 0 0 -1 0 1 0 1 1 1 2/5 16:11 0:00 3:13
Paul Kariya 1 1 2 -1 2 4 2 2 3 0 2/6 20:12 0:53 2:18
Rick Nash 0 1 1 0 0 3 5 0 1 0 1/1 15:53 1:57 0:48
Tomas Plekanec 1 1 2 -1 0 4 2 0 0 0 16/32 17:26 0:53 0:00
Travis Zajac 0 1 1 0 0 3 1 0 0 0 7/13 15:05 1:57 0:00
Vaclav Varada 0 0 0 0 0 0 2 0 0 0 0/1 8:50 0:00 1:02
Ville Peltonen 0 0 0 0 0 0 0 0 0 0 0/0 8:19 0:00 0:31
Players Stats for Sabres
Player Name G A P +/- PIM S H SB GA TA FO MP PP MP PK MP
------------------------------------------------------------------------------------
Andreas Johansson 0 0 0 2 0 2 0 0 0 0 0/1 16:56 1:40 0:36
Boyd Devereaux 0 1 1 -1 0 3 1 0 0 0 4/10 13:09 0:22 0:36
Brendan Morrison 2 1 3 2 0 5 1 0 0 0 10/18 18:07 1:40 1:40
Christian Laflamme 0 0 0 -1 0 1 0 1 0 2 0/0 16:21 0:00 1:36
Daniel Alfredsson 0 3 3 2 0 5 1 0 0 0 0/0 19:47 3:10 1:40
Daniel Cleary 0 0 0 1 0 0 3 1 0 0 1/2 15:15 0:14 0:00
Dave Tanabe 0 0 0 -1 0 1 0 1 0 0 0/0 19:02 3:41 1:14
Jochen Hecht 0 0 0 0 0 0 1 1 0 0 2/5 8:41 0:00 0:00
Ladislav Nagy 0 1 1 -1 0 2 2 0 0 0 0/0 13:02 0:51 0:00
Markus Naslund 1 2 3 1 0 1 0 1 1 0 1/1 19:47 4:01 0:34
Martin Sonnenberg 0 0 0 0 0 1 1 0 0 1 0/0 9:21 0:40 0:00
Mats Sundin 2 1 3 1 0 5 1 0 2 1 19/33 19:47 4:01 0:34
Mattias Timander 0 0 0 2 2 1 0 1 1 1 0/0 21:02 2:38 0:32
Michal Rozsival 1 0 1 1 0 2 1 0 0 2 0/0 23:15 3:41 1:14
Niclas Bergfors 0 0 0 0 0 1 0 0 0 0 1/2 10:49 2:18 0:00
Niclas Havelid 0 2 2 2 0 1 1 1 0 1 0/0 20:24 2:38 0:00
Niklas Sundstrom 1 0 1 -1 0 3 1 0 0 0 0/0 12:22 0:00 0:00
Ole-Kristian Tollefsen 0 1 1 1 2 2 2 1 0 1 0/0 20:01 0:00 1:04
3 Stars
1 - Brendan Morrison (Buf)
2 - Mats Sundin (Buf)
3 - Markus Naslund (Buf)
Power Play
Blues - 1 on 2 Attempt(s) - 50,00%
Sabres - 2 on 5 Attempt(s) - 40,00%
Penalty Kill
Blues - 3 on 5 Attempt(s) - 60,00%
- Score 0 goal in Penalty Kill
Sabres - 1 on 2 Attempt(s) - 50,00%
- Score 0 goal in Penalty Kill
Official
Referees : Meier Brad and Kimmerly Greg
Linesman : Derek Amell and Steve Barton
Game Notes
No Game Note
Finance
Level 1 -- Attendance: 4074 (67,90%) -- Ticket Income 407 400 $
Level 2 -- Attendance: 3859 (77,18%) -- Ticket Income 231 540 $
Level 3 -- Attendance: 1331 (66,55%) -- Ticket Income 53 240 $
Level 4 -- Attendance: 3947 (98,68%) -- Ticket Income 78 940 $
Luxury Box -- Attendance: 971 (97,10%) -- Ticket Income 179 635 $
Game was played at the Duff Garden
Total Attendance: 14182 (78,79%)
Total Ticket Income: 950 755 $
Total Income: 950 755 $
Blues
5 vs 5 Forward
Center Left Wing Right Wing Time % Phy DF OF
1 Tomas Plekanec Paul Kariya Jamie Langenbrunner 40 1 2 2
2 Travis Zajac Rick Nash Blake Wheeler 30 1 2 2
3 Matthew Lombardi Darcy Hordichuk Brian Gionta 20 1 2 2
4 Éric Belanger Ville Peltonen Vaclav Varada 10 1 2 2
5 vs 5 Defense
Defense Defense Time % Phy DF OF
1 Dan Boyle Lubomir Visnovsky 40 1 2 2
2 Brent Burns Bryce Lampman 30 1 2 2
3 Anton Volchenkov Jeff Woywitka 20 1 2 2
4 Dan Boyle Brent Burns 10 1 2 2
PowerPlay Forward
Center Left Wing Right Wing Time % Phy DF OF
1 Travis Zajac Rick Nash Jamie Langenbrunner 55 0 1 4
2 Tomas Plekanec Paul Kariya Blake Wheeler 45 0 1 4
PowerPlay Defense
Defense Defense Time % Phy DF OF
1 Dan Boyle Lubomir Visnovsky 60 0 2 3
2 Bryce Lampman Brent Burns 40 0 2 3
Penalty Kill 4 Players Forward
Center Wing Time % Phy DF OF
1 Paul Kariya Matthew Lombardi 60 1 3 1
2 Éric Belanger Vaclav Varada 40 1 3 1
Penalty Kill 4 Players Defense
Defense Defense Time % Phy DF OF
1 Bryce Lampman Anton Volchenkov 60 2 3 0
2 Brent Burns Jeff Woywitka 40 2 3 0
Penalty Kill - 3 Players Forward
Forward Time % Phy DF OF
1 Jamie Langenbrunner 60 1 3 1
2 Paul Kariya 40 1 3 1
Penalty Kill - 3 Players Defense
Defense Defense Time % Phy DF OF
1 Dan Boyle Brent Burns 60 2 3 0
2 Bryce Lampman Lubomir Visnovsky 40 2 3 0
4 vs 4 Forward
Center Wing Time % Phy DF OF
1 Travis Zajac Rick Nash 60 1 2 2
2 Tomas Plekanec Paul Kariya 40 1 2 2
4 vs 4 Defense
Defense Defense Time % Phy DF OF
1 Dan Boyle Lubomir Visnovsky 60 1 2 2
2 Bryce Lampman Brent Burns 40 1 2 2
Last Minutes Offensive
Center Left Wing Right Wing Defense Defense
Travis Zajac Rick Nash Jamie Langenbrunner Dan Boyle Lubomir Visnovsky
Last Minutes Defensive
Center Left Wing Right Wing Defense Defense
Éric Belanger Paul Kariya Jamie Langenbrunner Bryce Lampman Brent Burns
Goaltenders
Starting : Tuukka Rask
Backup : Tim Thomas
Extra Forwards
Normal : Blake Wheeler, Matthew Lombardi, Brian Gionta - PP : Éric Belanger, Matthew Lombardi - PK : Blake Wheeler
Extra Defensemen
Normal : Anton Volchenkov, Dan Boyle, Bryce Lampman - PP : Jeff Woywitka - PK : Brent Burns, Dan Boyle
Penalty Shots
Paul Kariya, Rick Nash, Travis Zajac, Jamie Langenbrunner, Blake Wheeler
Sabres
5 vs 5 Forward
Center Left Wing Right Wing Time % Phy DF OF
1 Mats Sundin Markus Naslund Daniel Cleary 32 2 1 2
2 Brendan Morrison Andreas Johansson Daniel Alfredsson 30 2 1 2
3 Boyd Devereaux Ladislav Nagy Niklas Sundstrom 24 0 3 2
4 Jochen Hecht Martin Sonnenberg Niclas Bergfors 14 0 3 2
5 vs 5 Defense
Defense Defense Time % Phy DF OF
1 Ole-Kristian Tollefsen Michal Rozsival 38 1 3 1
2 Dave Tanabe Christian Laflamme 32 1 3 1
3 Niclas Havelid Mattias Timander 30 1 3 1
4 Niclas Havelid Mattias Timander 0 1 3 1
PowerPlay Forward
Center Left Wing Right Wing Time % Phy DF OF
1 Mats Sundin Markus Naslund Daniel Alfredsson 60 2 0 3
2 Brendan Morrison Andreas Johansson Niclas Bergfors 40 1 0 4
PowerPlay Defense
Defense Defense Time % Phy DF OF
1 Dave Tanabe Michal Rozsival 60 0 2 3
2 Niclas Havelid Mattias Timander 40 0 2 3
Penalty Kill 4 Players Forward
Center Wing Time % Phy DF OF
1 Brendan Morrison Daniel Alfredsson 60 1 3 1
2 Mats Sundin Markus Naslund 40 1 3 1
Penalty Kill 4 Players Defense
Defense Defense Time % Phy DF OF
1 Ole-Kristian Tollefsen Christian Laflamme 60 1 2 2
2 Dave Tanabe Michal Rozsival 40 1 2 2
Penalty Kill - 3 Players Forward
Forward Time % Phy DF OF
1 Brendan Morrison 60 1 4 0
2 Mats Sundin 40 1 4 0
Penalty Kill - 3 Players Defense
Defense Defense Time % Phy DF OF
1 Ole-Kristian Tollefsen Christian Laflamme 60 1 2 2
2 Dave Tanabe Michal Rozsival 40 1 2 2
4 vs 4 Forward
Center Wing Time % Phy DF OF
1 Brendan Morrison Daniel Alfredsson 60 1 2 2
2 Mats Sundin Markus Naslund 40 1 2 2
4 vs 4 Defense
Defense Defense Time % Phy DF OF
1 Mattias Timander Niclas Havelid 60 1 3 1
2 Dave Tanabe Michal Rozsival 40 1 3 1
Last Minutes Offensive
Center Left Wing Right Wing Defense Defense
Mats Sundin Markus Naslund Daniel Alfredsson Brendan Morrison Michal Rozsival
Last Minutes Defensive
Center Left Wing Right Wing Defense Defense
Boyd Devereaux Markus Naslund Daniel Alfredsson Ole-Kristian Tollefsen Christian Laflamme
Goaltenders
Starting : Niklas Backstrom
Backup : Dan Cloutier
Extra Forwards
Normal : Niclas Bergfors, Niklas Sundstrom, Jochen Hecht - PP : Martin Sonnenberg, Ladislav Nagy - PK : Boyd Devereaux
Extra Defensemen
Normal : Christian Laflamme, Ole-Kristian Tollefsen, Michal Rozsival - PP : Ole-Kristian Tollefsen - PK : Mattias Timander, Niclas Havelid
Penalty Shots
Daniel Alfredsson, Markus Naslund, Mats Sundin, Brendan Morrison, Ladislav Nagy
% Time on Ice - Blues
Lines # - Real PCT - Wanted PCT - Time Play
Normal Forward
1 - 35% - 40% - 17:54
2 - 26% - 30% - 13:02
3 - 24% - 20% - 12:07
4 - 15% - 10% - 7:48
Normal Defense
1 - 41% - 40% - 20:47
2 - 29% - 30% - 14:50
3 - 20% - 20% - 10:04
4 - 10% - 10% - 5:10
PP Forward
1 - 69% - 55% - 1:57
2 - 31% - 45% - 0:53
PP Defense
1 - 34% - 60% - 0:57
2 - 66% - 40% - 1:53
PK Forward
1 - 84% - 60% - 5:17
2 - 16% - 40% - 1:02
PK Defense
1 - 66% - 60% - 4:11
2 - 34% - 40% - 2:08
PK3 Forward
1 - 0% - 60%
2 - 0% - 40%
PK3 Defense
1 - 0% - 60%
2 - 0% - 40%
44 Forward
1 - 0% - 60%
2 - 0% - 40%
44 Defense
1 - 0% - 60%
2 - 0% - 40%
Last Minute Offensive - 0:00
Last Minute Defensive - 0:00
Total
Forward - 60:00
Defense - 60:00
|
% Time on Ice - Sabres
Lines # - Real PCT - Wanted PCT - Time Play
Normal Forward
1 - 30% - 32% - 15:19
2 - 29% - 30% - 14:40
3 - 24% - 24% - 12:11
4 - 17% - 14% - 8:41
Normal Defense
1 - 36% - 38% - 18:33
2 - 30% - 32% - 15:28
3 - 33% - 30% - 16:32
4 - 1% - 0% - 0:18
PP Forward
1 - 64% - 60% - 4:01
2 - 36% - 40% - 2:18
PP Defense
1 - 58% - 60% - 3:41
2 - 42% - 40% - 2:38
PK Forward
1 - 80% - 60% - 2:16
2 - 20% - 40% - 0:34
PK Defense
1 - 56% - 60% - 1:36
2 - 44% - 40% - 1:14
PK3 Forward
1 - 0% - 60%
2 - 0% - 40%
PK3 Defense
1 - 0% - 60%
2 - 0% - 40%
44 Forward
1 - 0% - 60%
2 - 0% - 40%
44 Defense
1 - 0% - 60%
2 - 0% - 40%
Last Minute Offensive - 0:00
Last Minute Defensive - 0:00
Total
Forward - 60:00
Defense - 60:00
|
Play by Play
1st period
0:01 of 1st period - Markus Naslund wins face-off versus Tomas Plekanec in neutral zone.
0:05 of 1st period - Off-side.
0:06 of 1st period - Mats Sundin wins face-off versus Tomas Plekanec in neutral zone.
0:11 of 1st period - Wrist shot by Mats Sundin.
0:11 of 1st period - Stopped by Tuukka Rask without a rebound.
0:12 of 1st period - Travis Zajac wins face-off versus Brendan Morrison in Blues zone.
0:23 of 1st period - Slapshot by Daniel Alfredsson.
0:23 of 1st period - Stopped by Tuukka Rask without a rebound.
0:24 of 1st period - Matthew Lombardi wins face-off versus Boyd Devereaux in Blues zone.
0:52 of 1st period - Off-side.
0:53 of 1st period - Tomas Plekanec wins face-off versus Jochen Hecht in neutral zone.
0:58 of 1st period - Snap shot by Paul Kariya.
0:58 of 1st period - Shot Hit the Post.
1:00 of 1st period - Slapshot by Paul Kariya.
1:00 of 1st period - Shot Blocked by Ole-Kristian Tollefsen.
1:02 of 1st period - Snap shot by Paul Kariya.
1:02 of 1st period - Shot Misses the Net.
1:04 of 1st period - Slapshot by Lubomir Visnovsky.
1:04 of 1st period - Stopped by Niklas Backstrom without a rebound.
1:05 of 1st period - Mats Sundin wins face-off versus Travis Zajac in Sabres zone.
1:12 of 1st period - Snap shot by Mats Sundin.
1:12 of 1st period - Stopped by Tuukka Rask without a rebound.
1:13 of 1st period - Mats Sundin wins face-off versus Travis Zajac in Blues zone.
1:48 of 1st period - Wrist shot by Ville Peltonen.
1:48 of 1st period - Shot Misses the Net.
1:50 of 1st period - Slapshot by Brent Burns.
1:50 of 1st period - Stopped by Niklas Backstrom with a rebound.
2:08 of 1st period - Wrist shot by Niklas Sundstrom.
2:08 of 1st period - Shot Blocked by Jamie Langenbrunner.
2:10 of 1st period - Slapshot by Dave Tanabe.
2:10 of 1st period - Stopped by Tuukka Rask without a rebound.
2:11 of 1st period - Matthew Lombardi wins face-off versus Mats Sundin in Blues zone.
2:36 of 1st period - Ole-Kristian Tollefsen is hit by Lubomir Visnovsky and loses puck.
3:00 of 1st period - Off-side.
3:01 of 1st period - Travis Zajac wins face-off versus Jochen Hecht in neutral zone.
3:26 of 1st period - Rick Nash is hit by Daniel Cleary and loses puck.
3:35 of 1st period - Snap shot by Travis Zajac.
3:35 of 1st period - Stopped by Niklas Backstrom with a rebound.
3:41 of 1st period - Wrist shot by Travis Zajac.
3:41 of 1st period - Shot Blocked by Markus Naslund.
3:43 of 1st period - Snap shot by Rick Nash.
3:43 of 1st period - Shot Misses the Net.
3:45 of 1st period - Snap shot by Jeff Woywitka.
3:45 of 1st period - Shot Blocked by Daniel Cleary.
4:03 of 1st period - Backhand shot by Dan Boyle.
4:03 of 1st period - Stopped by Niklas Backstrom without a rebound.
4:04 of 1st period - Tomas Plekanec wins face-off versus Boyd Devereaux in Sabres zone.
4:33 of 1st period - Slapshot by Dan Boyle.
4:33 of 1st period - Stopped by Niklas Backstrom without a rebound.
4:34 of 1st period - Éric Belanger wins face-off versus Brendan Morrison in Sabres zone.
4:35 of 1st period - Slapshot by Dan Boyle.
4:35 of 1st period - Stopped by Niklas Backstrom with a rebound.
4:58 of 1st period - Icing by Martin Sonnenberg.
4:59 of 1st period - Tomas Plekanec wins face-off versus Niclas Bergfors in Sabres zone.
5:24 of 1st period - Andreas Johansson is hit by Brian Gionta and loses puck.
5:44 of 1st period - Off-side.
5:45 of 1st period - Travis Zajac wins face-off versus Boyd Devereaux in neutral zone.
6:09 of 1st period - Lubomir Visnovsky is hit by Ole-Kristian Tollefsen and loses puck.
6:41 of 1st period - Slapshot by Niklas Sundstrom.
6:41 of 1st period - Stopped by Tuukka Rask with a rebound.
6:44 of 1st period - Icing by Blake Wheeler.
6:45 of 1st period - Mats Sundin wins face-off versus Blake Wheeler in Blues zone.
6:56 of 1st period - Slapshot by Dan Boyle.
6:56 of 1st period - Stopped by Niklas Backstrom with a rebound.
6:58 of 1st period - Wrist shot by Blake Wheeler.
6:58 of 1st period - Shot Misses the Net.
7:04 of 1st period - Snap shot by Rick Nash.
7:04 of 1st period - Stopped by Niklas Backstrom without a rebound.
7:05 of 1st period - Tomas Plekanec wins face-off versus Brendan Morrison in Sabres zone.
7:30 of 1st period - Jeff Woywitka is hit by Daniel Cleary.
8:00 of 1st period - Snap shot by Niclas Bergfors.
8:00 of 1st period - Shot Blocked by Matthew Lombardi.
8:06 of 1st period - Slapshot by Brian Gionta.
8:06 of 1st period - Goal by Brian Gionta - Blues : 1 - Sabres : 0.
8:07 of 1st period - Tomas Plekanec wins face-off versus Brendan Morrison in neutral zone.
8:18 of 1st period - Snap shot by Paul Kariya.
8:18 of 1st period - Stopped by Niklas Backstrom with a rebound.
8:32 of 1st period - Niclas Havelid is hit by Vaclav Varada and loses puck.
8:53 of 1st period - Ole-Kristian Tollefsen is hit by Brian Gionta and loses puck.
9:10 of 1st period - Snap shot by Brendan Morrison.
9:10 of 1st period - Stopped by Tuukka Rask without a rebound.
9:11 of 1st period - Brendan Morrison wins face-off versus Tomas Plekanec in Blues zone.
9:36 of 1st period - Slapshot by Rick Nash.
9:36 of 1st period - Stopped by Niklas Backstrom without a rebound.
9:37 of 1st period - Travis Zajac wins face-off versus Mats Sundin in Sabres zone.
9:50 of 1st period - Snap shot by Rick Nash.
9:50 of 1st period - Shot Misses the Net.
9:52 of 1st period - Wrist shot by Blake Wheeler.
9:52 of 1st period - Stopped by Niklas Backstrom without a rebound.
9:53 of 1st period - Brendan Morrison wins face-off versus Tomas Plekanec in Sabres zone.
9:55 of 1st period - Icing by Michal Rozsival.
9:56 of 1st period - Brendan Morrison wins face-off versus Paul Kariya in Sabres zone.
10:01 of 1st period - Paul Kariya is hit by Michal Rozsival.
10:07 of 1st period - Wrist shot by Brendan Morrison.
10:07 of 1st period - Goal by Brendan Morrison - Blues : 1 - Sabres : 1.
10:08 of 1st period - Tomas Plekanec wins face-off versus Mats Sundin in neutral zone.
10:13 of 1st period - Slapshot by Paul Kariya.
10:13 of 1st period - Stopped by Niklas Backstrom with a rebound.
10:23 of 1st period - Backhand shot by Paul Kariya.
10:23 of 1st period - Shot Misses the Net.
10:41 of 1st period - Wrist shot by Markus Naslund.
10:41 of 1st period - Deflect By Mats Sundin.
10:41 of 1st period - Shot Misses the Net.
10:41 of 1st period - Puck is out of play.
10:42 of 1st period - Boyd Devereaux wins face-off versus Tomas Plekanec in Blues zone.
11:07 of 1st period - Lubomir Visnovsky is hit by Brendan Morrison and loses puck.
11:16 of 1st period - Slapshot by Brendan Morrison.
11:16 of 1st period - Shot Blocked by Lubomir Visnovsky.
11:18 of 1st period - Slapshot by Michal Rozsival.
11:18 of 1st period - Shot Blocked by Éric Belanger.
11:20 of 1st period - Wrist shot by Ole-Kristian Tollefsen.
11:20 of 1st period - Stopped by Tuukka Rask with a rebound.
11:36 of 1st period - Slapshot by Lubomir Visnovsky.
11:36 of 1st period - Deflect By Ole-Kristian Tollefsen.
11:36 of 1st period - Stopped by Niklas Backstrom without a rebound.
11:37 of 1st period - Tomas Plekanec wins face-off versus Mats Sundin in Sabres zone.
11:40 of 1st period - Snap shot by Jamie Langenbrunner.
11:40 of 1st period - Deflect By Tomas Plekanec.
11:40 of 1st period - Stopped by Niklas Backstrom without a rebound.
11:41 of 1st period - Mats Sundin wins face-off versus Tomas Plekanec in Sabres zone.
13:31 of 1st period - Wrist shot by Andreas Johansson.
13:31 of 1st period - Shot Misses the Net.
13:33 of 1st period - Snap shot by Andreas Johansson.
13:33 of 1st period - Shot Misses the Net.
13:35 of 1st period - Wrist shot by Andreas Johansson.
13:35 of 1st period - Shot Misses the Net.
13:37 of 1st period - Snap shot by Andreas Johansson.
13:37 of 1st period - Stopped by Tuukka Rask with a rebound.
13:54 of 1st period - Minor Penalty to Lubomir Visnovsky for Holding Stick.
13:55 of 1st period - Mats Sundin wins face-off versus Paul Kariya in Blues zone.
15:54 of 1st period - Penalty to Lubomir Visnovsky is over, Lubomir Visnovsky is back on ice.
16:02 of 1st period - Slapshot by Dan Boyle.
16:02 of 1st period - Shot Blocked by Dave Tanabe.
16:08 of 1st period - Lubomir Visnovsky is hit by Niklas Sundstrom and loses puck.
16:50 of 1st period - Wrist shot by Niklas Sundstrom.
16:50 of 1st period - Deflect By Martin Sonnenberg.
16:50 of 1st period - Shot Misses the Net.
16:50 of 1st period - Puck is out of play.
16:51 of 1st period - Boyd Devereaux wins face-off versus Éric Belanger in Blues zone.
16:54 of 1st period - Wrist shot by Ladislav Nagy.
16:54 of 1st period - Shot Misses the Net.
16:56 of 1st period - Wrist shot by Boyd Devereaux.
16:56 of 1st period - Stopped by Tuukka Rask without a rebound.
16:57 of 1st period - Éric Belanger wins face-off versus Boyd Devereaux in Blues zone.
17:22 of 1st period - Wrist shot by Niklas Sundstrom.
17:22 of 1st period - Stopped by Tuukka Rask without a rebound.
17:23 of 1st period - Travis Zajac wins face-off versus Andreas Johansson in Blues zone.
17:30 of 1st period - Wrist shot by Rick Nash.
17:30 of 1st period - Stopped by Niklas Backstrom with a rebound.
17:50 of 1st period - Brent Burns is hit by Mats Sundin and loses puck.
17:59 of 1st period - Slapshot by Rick Nash.
17:59 of 1st period - Shot Misses the Net.
18:01 of 1st period - Slapshot by Anton Volchenkov.
18:01 of 1st period - Deflect By Markus Naslund.
18:01 of 1st period - Stopped by Niklas Backstrom with a rebound.
18:16 of 1st period - Off-side.
18:17 of 1st period - Tomas Plekanec wins face-off versus Brendan Morrison in neutral zone.
18:50 of 1st period - Snap shot by Ladislav Nagy.
18:50 of 1st period - Stopped by Tuukka Rask with a rebound.
18:52 of 1st period - Wrist shot by Boyd Devereaux.
18:52 of 1st period - Stopped by Tuukka Rask with a rebound.
18:54 of 1st period - Slapshot by Ole-Kristian Tollefsen.
18:54 of 1st period - Stopped by Tuukka Rask with a rebound.
18:56 of 1st period - Slapshot by Ole-Kristian Tollefsen.
18:56 of 1st period - Shot Blocked by Dan Boyle.
19:06 of 1st period - Snap shot by Brian Gionta.
19:06 of 1st period - Shot Blocked by Niclas Havelid.
19:08 of 1st period - Snap shot by Éric Belanger.
19:08 of 1st period - Stopped by Niklas Backstrom with a rebound.
19:12 of 1st period - Slapshot by Dan Boyle.
19:12 of 1st period - Shot Misses the Net.
19:14 of 1st period - Snap shot by Éric Belanger.
19:14 of 1st period - Stopped by Niklas Backstrom without a rebound.
19:15 of 1st period - Jamie Langenbrunner wins face-off versus Daniel Cleary in Sabres zone.
19:20 of 1st period - Wrist shot by Paul Kariya.
19:20 of 1st period - Shot Blocked by Mattias Timander.
19:22 of 1st period - Snap shot by Tomas Plekanec.
19:22 of 1st period - Goal by Tomas Plekanec - Blues : 2 - Sabres : 1.
19:23 of 1st period - Mats Sundin wins face-off versus Tomas Plekanec in neutral zone.
19:38 of 1st period - Snap shot by Daniel Cleary.
19:38 of 1st period - Shot Misses the Net.
2nd period
0:01 of 2nd period - Paul Kariya wins face-off versus Mats Sundin in neutral zone.
0:25 of 2nd period - Bryce Lampman is hit by Ladislav Nagy and loses puck.
0:58 of 2nd period - Snap shot by Brendan Morrison.
0:58 of 2nd period - Stopped by Tuukka Rask with a rebound.
1:22 of 2nd period - Slapshot by Niclas Havelid.
1:22 of 2nd period - Stopped by Tuukka Rask with a rebound.
1:58 of 2nd period - Niklas Sundstrom is hit by Rick Nash and loses puck.
2:33 of 2nd period - Snap shot by Michal Rozsival.
2:33 of 2nd period - Deflect By Tomas Plekanec.
2:33 of 2nd period - Goal by Michal Rozsival - Blues : 2 - Sabres : 2.
2:34 of 2nd period - Brendan Morrison wins face-off versus Tomas Plekanec in neutral zone.
2:37 of 2nd period - Paul Kariya is hit by Daniel Alfredsson and loses puck.
3:27 of 2nd period - Brian Gionta is hit by Boyd Devereaux.
3:38 of 2nd period - Icing by Michal Rozsival.
3:39 of 2nd period - Jochen Hecht wins face-off versus Vaclav Varada in Sabres zone.
3:52 of 2nd period - Snap shot by Niclas Bergfors.
3:52 of 2nd period - Stopped by Tuukka Rask without a rebound.
3:53 of 2nd period - Brendan Morrison wins face-off versus Tomas Plekanec in Blues zone.
4:06 of 2nd period - Wrist shot by Brendan Morrison.
4:06 of 2nd period - Shot Blocked by Lubomir Visnovsky.
4:08 of 2nd period - Slapshot by Christian Laflamme.
4:08 of 2nd period - Stopped by Tuukka Rask with a rebound.
4:18 of 2nd period - Dave Tanabe is hit by Travis Zajac and loses puck.
4:29 of 2nd period - Slapshot by Travis Zajac.
4:29 of 2nd period - Stopped by Niklas Backstrom without a rebound.
4:30 of 2nd period - Brendan Morrison wins face-off versus Matthew Lombardi in Sabres zone.
4:37 of 2nd period - Backhand shot by Matthew Lombardi.
4:37 of 2nd period - Stopped by Niklas Backstrom without a rebound.
4:38 of 2nd period - Darcy Hordichuk wins face-off versus Brendan Morrison in Sabres zone.
4:49 of 2nd period - Andreas Johansson is hit by Darcy Hordichuk and loses puck.
5:18 of 2nd period - Wrist shot by Daniel Alfredsson.
5:18 of 2nd period - Stopped by Tuukka Rask with a rebound.
5:20 of 2nd period - Wrist shot by Andreas Johansson.
5:20 of 2nd period - Shot Blocked by Brent Burns.
6:23 of 2nd period - Niclas Havelid is hit by Brian Gionta and loses puck.
7:34 of 2nd period - Backhand shot by Brendan Morrison.
7:34 of 2nd period - Shot Misses the Net.
7:36 of 2nd period - Snap shot by Brendan Morrison.
7:36 of 2nd period - Shot Misses the Net.
7:38 of 2nd period - Snap shot by Brendan Morrison.
7:38 of 2nd period - Goal by Brendan Morrison - Blues : 2 - Sabres : 3.
7:39 of 2nd period - Tomas Plekanec wins face-off versus Mats Sundin in neutral zone.
7:49 of 2nd period - Snap shot by Tomas Plekanec.
7:49 of 2nd period - Stopped by Niklas Backstrom without a rebound.
7:50 of 2nd period - Mats Sundin wins face-off versus Tomas Plekanec in Sabres zone.
7:50 of 2nd period - Mats Sundin is hit by Paul Kariya.
8:16 of 2nd period - Snap shot by Niclas Bergfors.
8:16 of 2nd period - Shot Blocked by Paul Kariya.
8:31 of 2nd period - Wrist shot by Jamie Langenbrunner.
8:31 of 2nd period - Stopped by Niklas Backstrom without a rebound.
8:32 of 2nd period - Rick Nash wins face-off versus Mats Sundin in Sabres zone.
8:38 of 2nd period - Minor Penalty to Blake Wheeler for Slashing.
8:39 of 2nd period - Mats Sundin wins face-off versus Éric Belanger in Blues zone.
10:24 of 2nd period - Éric Belanger is hit by Niclas Havelid and loses puck.
10:38 of 2nd period - Penalty to Blake Wheeler is over, Blake Wheeler is back on ice.
11:16 of 2nd period - Slapshot by Anton Volchenkov.
11:16 of 2nd period - Stopped by Niklas Backstrom without a rebound.
11:17 of 2nd period - Jochen Hecht wins face-off versus Éric Belanger in Sabres zone.
11:26 of 2nd period - Slapshot by Éric Belanger.
11:26 of 2nd period - Shot Misses the Net.
11:28 of 2nd period - Wrist shot by Éric Belanger.
11:28 of 2nd period - Stopped by Niklas Backstrom with a rebound.
12:27 of 2nd period - Niclas Bergfors is hit by Rick Nash and loses puck.
12:46 of 2nd period - Michal Rozsival is hit by Jeff Woywitka and loses puck.
13:21 of 2nd period - Blake Wheeler is hit by Daniel Cleary and loses puck.
13:32 of 2nd period - Boyd Devereaux is hit by Paul Kariya and loses puck.
13:39 of 2nd period - Jamie Langenbrunner is hit by Ladislav Nagy and loses puck.
14:25 of 2nd period - Dave Tanabe is hit by Blake Wheeler and loses puck.
14:40 of 2nd period - Tomas Plekanec is hit by Martin Sonnenberg and loses puck.
15:19 of 2nd period - Ladislav Nagy is hit by Darcy Hordichuk and loses puck.
15:34 of 2nd period - Ole-Kristian Tollefsen is hit by Rick Nash and loses puck.
15:57 of 2nd period - Jochen Hecht is hit by Éric Belanger and loses puck.
16:15 of 2nd period - Andreas Johansson is hit by Jamie Langenbrunner and loses puck.
17:00 of 2nd period - Niclas Havelid is hit by Éric Belanger and loses puck.
17:33 of 2nd period - Mats Sundin is hit by Tomas Plekanec and loses puck.
17:44 of 2nd period - Icing by Boyd Devereaux.
17:45 of 2nd period - Darcy Hordichuk wins face-off versus Boyd Devereaux in Sabres zone.
17:57 of 2nd period - Minor Penalty to Ole-Kristian Tollefsen for Slashing.
17:58 of 2nd period - Brendan Morrison wins face-off versus Travis Zajac in Sabres zone.
17:58 of 2nd period - Brendan Morrison is hit by Brent Burns.
18:48 of 2nd period - Backhand shot by Jamie Langenbrunner.
18:48 of 2nd period - Goal by Jamie Langenbrunner - Blues : 3 - Sabres : 3.
18:49 of 2nd period - Mats Sundin wins face-off versus Matthew Lombardi in neutral zone.
18:53 of 2nd period - Minor Penalty to Darcy Hordichuk for Roughing.
18:54 of 2nd period - Mats Sundin wins face-off versus Paul Kariya in Blues zone.
18:57 of 2nd period - Snap shot by Mats Sundin.
18:57 of 2nd period - Deflect By Markus Naslund.
18:57 of 2nd period - Goal by Markus Naslund - Blues : 3 - Sabres : 4.
18:58 of 2nd period - Tomas Plekanec wins face-off versus Mats Sundin in neutral zone.
19:23 of 2nd period - Snap shot by Brendan Morrison.
19:23 of 2nd period - Deflect By Andreas Johansson.
19:23 of 2nd period - Stopped by Tuukka Rask without a rebound.
19:24 of 2nd period - Brendan Morrison wins face-off versus Travis Zajac in Blues zone.
19:35 of 2nd period - Slapshot by Brent Burns.
19:35 of 2nd period - Stopped by Niklas Backstrom without a rebound.
19:36 of 2nd period - Mats Sundin wins face-off versus Tomas Plekanec in Sabres zone.
19:36 of 2nd period - Minor Penalty to Paul Kariya for Hooking.
19:37 of 2nd period - Blake Wheeler wins face-off versus Mats Sundin in Blues zone.
3rd period
0:01 of 3rd period - Mats Sundin wins face-off versus Blake Wheeler in neutral zone.
0:14 of 3rd period - Snap shot by Daniel Alfredsson.
0:14 of 3rd period - Stopped by Tuukka Rask without a rebound.
0:15 of 3rd period - Mats Sundin wins face-off versus Blake Wheeler in Blues zone.
0:22 of 3rd period - Snap shot by Mats Sundin.
0:22 of 3rd period - Stopped by Tuukka Rask without a rebound.
0:23 of 3rd period - Mats Sundin wins face-off versus Blake Wheeler in Blues zone.
0:36 of 3rd period - Slapshot by Daniel Alfredsson.
0:36 of 3rd period - Shot Misses the Net.
0:38 of 3rd period - Wrist shot by Mats Sundin.
0:38 of 3rd period - Shot Blocked by Blake Wheeler.
0:58 of 3rd period - Slapshot by Michal Rozsival.
0:58 of 3rd period - Stopped by Tuukka Rask with a rebound.
1:17 of 3rd period - Wrist shot by Darcy Hordichuk.
1:17 of 3rd period - Deflect By Éric Belanger.
1:17 of 3rd period - Shot Misses the Net.
1:17 of 3rd period - Puck is out of play.
1:18 of 3rd period - Niclas Bergfors wins face-off versus Blake Wheeler in Sabres zone.
1:33 of 3rd period - Snap shot by Niclas Bergfors.
1:33 of 3rd period - Shot Misses the Net.
1:36 of 3rd period - Penalty to Paul Kariya is over, Paul Kariya is back on ice.
1:52 of 3rd period - Snap shot by Niklas Sundstrom.
1:52 of 3rd period - Goal by Niklas Sundstrom - Blues : 3 - Sabres : 5.
1:53 of 3rd period - Tomas Plekanec wins face-off versus Mats Sundin in neutral zone.
3:17 of 3rd period - Snap shot by Rick Nash.
3:17 of 3rd period - Deflect By Blake Wheeler.
3:17 of 3rd period - Shot Misses the Net.
3:17 of 3rd period - Puck is out of play.
3:18 of 3rd period - Boyd Devereaux wins face-off versus Tomas Plekanec in Sabres zone.
3:27 of 3rd period - Snap shot by Paul Kariya.
3:27 of 3rd period - Stopped by Niklas Backstrom without a rebound.
3:28 of 3rd period - Tomas Plekanec wins face-off versus Boyd Devereaux in Sabres zone.
3:57 of 3rd period - Niklas Sundstrom is hit by Tomas Plekanec and loses puck.
4:12 of 3rd period - Snap shot by Paul Kariya.
4:12 of 3rd period - Deflect By Tomas Plekanec.
4:12 of 3rd period - Stopped by Niklas Backstrom with a rebound.
4:14 of 3rd period - Snap shot by Tomas Plekanec.
4:14 of 3rd period - Shot Blocked by Christian Laflamme.
4:16 of 3rd period - Snap shot by Jamie Langenbrunner.
4:16 of 3rd period - Shot Misses the Net.
4:18 of 3rd period - Snap shot by Paul Kariya.
4:18 of 3rd period - Goal by Paul Kariya - Blues : 4 - Sabres : 5.
4:19 of 3rd period - Travis Zajac wins face-off versus Mats Sundin in neutral zone.
4:32 of 3rd period - Wrist shot by Travis Zajac.
4:32 of 3rd period - Stopped by Niklas Backstrom without a rebound.
4:33 of 3rd period - Mats Sundin wins face-off versus Tomas Plekanec in Sabres zone.
5:07 of 3rd period - Wrist shot by Darcy Hordichuk.
5:07 of 3rd period - Shot Misses the Net.
5:45 of 3rd period - Martin Sonnenberg is hit by Jamie Langenbrunner and loses puck.
7:08 of 3rd period - Wrist shot by Michal Rozsival.
7:08 of 3rd period - Shot Hit the Post.
7:19 of 3rd period - Icing by Markus Naslund.
7:20 of 3rd period - Travis Zajac wins face-off versus Mats Sundin in Sabres zone.
8:11 of 3rd period - Wrist shot by Daniel Alfredsson.
8:11 of 3rd period - Shot Misses the Net.
8:37 of 3rd period - Backhand shot by Martin Sonnenberg.
8:37 of 3rd period - Stopped by Tuukka Rask without a rebound.
8:38 of 3rd period - Tomas Plekanec wins face-off versus Jochen Hecht in Blues zone.
9:01 of 3rd period - Dave Tanabe is hit by Blake Wheeler and loses puck.
9:10 of 3rd period - Jeff Woywitka is hit by Jochen Hecht and loses puck.
9:31 of 3rd period - Mattias Timander is hit by Darcy Hordichuk and loses puck.
10:07 of 3rd period - Icing by Brendan Morrison.
10:08 of 3rd period - Brendan Morrison wins face-off versus Tomas Plekanec in Sabres zone.
10:13 of 3rd period - Snap shot by Daniel Alfredsson.
10:13 of 3rd period - Stopped by Tuukka Rask without a rebound.
10:14 of 3rd period - Daniel Cleary wins face-off versus Tomas Plekanec in Blues zone.
11:20 of 3rd period - Éric Belanger is hit by Ole-Kristian Tollefsen and loses puck.
11:31 of 3rd period - Slapshot by Lubomir Visnovsky.
11:31 of 3rd period - Shot Misses the Net.
11:33 of 3rd period - Slapshot by Dan Boyle.
11:33 of 3rd period - Stopped by Niklas Backstrom without a rebound.
11:34 of 3rd period - Tomas Plekanec wins face-off versus Brendan Morrison in Sabres zone.
11:44 of 3rd period - Icing by Daniel Alfredsson.
11:45 of 3rd period - Tomas Plekanec wins face-off versus Brendan Morrison in Sabres zone.
11:53 of 3rd period - Wrist shot by Daniel Alfredsson.
11:53 of 3rd period - Shot Blocked by Paul Kariya.
11:54 of 3rd period - Minor Penalty to Mattias Timander for Tripping.
11:55 of 3rd period - Brendan Morrison wins face-off versus Travis Zajac in Sabres zone.
13:54 of 3rd period - Penalty to Mattias Timander is over, Mattias Timander is back on ice.
13:55 of 3rd period - Daniel Alfredsson is hit by Rick Nash and loses puck.
14:06 of 3rd period - Wrist shot by Matthew Lombardi.
14:06 of 3rd period - Deflect By Darcy Hordichuk.
14:06 of 3rd period - Shot Misses the Net.
14:06 of 3rd period - Puck is out of play.
14:07 of 3rd period - Mats Sundin wins face-off versus Matthew Lombardi in Sabres zone.
14:22 of 3rd period - Wrist shot by Mats Sundin.
14:22 of 3rd period - Goal by Mats Sundin - Blues : 4 - Sabres : 6.
14:23 of 3rd period - Tomas Plekanec wins face-off versus Mats Sundin in neutral zone.
14:48 of 3rd period - Daniel Alfredsson is hit by Rick Nash and loses puck.
14:59 of 3rd period - Snap shot by Andreas Johansson.
14:59 of 3rd period - Shot Misses the Net.
15:48 of 3rd period - Mats Sundin is hit by Vaclav Varada and loses puck.
16:37 of 3rd period - Wrist shot by Brian Gionta.
16:37 of 3rd period - Shot Misses the Net.
16:54 of 3rd period - Slapshot by Daniel Alfredsson.
16:54 of 3rd period - Shot Misses the Net.
16:56 of 3rd period - Slapshot by Dave Tanabe.
16:56 of 3rd period - Deflect By Brendan Morrison.
16:56 of 3rd period - Stopped by Tuukka Rask with a rebound.
17:06 of 3rd period - Snap shot by Tomas Plekanec.
17:06 of 3rd period - Shot Blocked by Jochen Hecht.
17:28 of 3rd period - Slapshot by Dan Boyle.
17:28 of 3rd period - Shot Misses the Net.
18:04 of 3rd period - Niclas Havelid is hit by Dan Boyle and loses puck.
18:14 of 3rd period - Icing by Niklas Sundstrom.
18:15 of 3rd period - Boyd Devereaux wins face-off versus Travis Zajac in Sabres zone.
18:20 of 3rd period - Wrist shot by Boyd Devereaux.
18:20 of 3rd period - Stopped by Tuukka Rask with a rebound.
18:37 of 3rd period - Wrist shot by Ladislav Nagy.
18:37 of 3rd period - Stopped by Tuukka Rask with a rebound.
18:50 of 3rd period - Slapshot by Mattias Timander.
18:50 of 3rd period - Stopped by Tuukka Rask with a rebound.
19:20 of 3rd period - Minor Penalty to Blake Wheeler for Holding.
19:21 of 3rd period - Mats Sundin wins face-off versus Paul Kariya in Blues zone.
19:22 of 3rd period - Backhand shot by Daniel Alfredsson.
19:22 of 3rd period - Stopped by Tuukka Rask without a rebound.
19:23 of 3rd period - Paul Kariya wins face-off versus Mats Sundin in Blues zone.
19:38 of 3rd period - Wrist shot by Mats Sundin.
19:38 of 3rd period - Goal by Mats Sundin - Blues : 4 - Sabres : 7.
19:39 of 3rd period - Mats Sundin wins face-off versus Tomas Plekanec in neutral zone.
Output by the SimonT Hockey Simulator (STHS) for François Prévost -- Original Page W3C XHTML 1.0 Valid